 Dungeon Crawl Stone Soup version 0.31-a0-868-g674d60d6f7 (webtiles) character file.

Game seed: 13343623667977101865

11294 pokeman the Eclecticist (level 11, -7/62 HPs)
             Began as a Deep Elf Hedge Wizard on Oct 12, 2023.
             Was a Priest of Vehumet.
             Killed from afar by a gargoyle (8 damage)
             ... with a stone arrow
             ... on level 11 of the Dungeon.
             The game lasted 00:27:01 (11013 turns).

pokeman the Eclecticist (Deep Elf Hedge Wizard)    Turns: 11013, Time: 00:27:03

Health: -7/62      AC: 14    Str:  7    XL:     11   Next: 47%
Magic:  38/42      EV: 13    Int: 24    God:    Vehumet [***...]
Gold:   594        SH:  0    Dex: 14    Spells: 30/43 levels left

rFire   . . .        O - +4 battleaxe (elec)
rCold   . . .        (shield currently unavailable)
rNeg    + . .        M - +2 robe {rN+}
rPois   .            r - +0 helmet
rElec   .            U - +1 cloak {rCorr}
rCorr   +            s - +2 pair of gloves {Stlth+}
SInv    .            C - +2 pair of boots
Will    +....        V - amulet of magic regeneration
Stlth   ++++         F - ring of magical power
HPRegen 0.30/turn    G - ring of wizardry
MPRegen 0.68/turn

%: wizardry (x1)
@: spiked, very slightly contaminated
A: no striking features
a: Renounce Religion


You were on level 11 of the Dungeon.
You worshipped Vehumet.
Vehumet was most pleased with you.
You visited 2 branches of the dungeon, and saw 13 of its levels.
You also visited: Sewer.

You collected 594 gold pieces.

Inventory:

Hand Weapons
 i - a +1 dagger of electrocution
 l - a +2 quarterstaff of chaos
 m - a +1 hammer of venom
 n - the +0 short sword of the Singing Scorpion {freeze, *Slow rC++ Int+2 Dex+3}
   (You found it on level 3 of the Dungeon)

   Int+2:     It affects your intelligence (+2).
   Dex+3:     It affects your dexterity (+3).
   rC++:      It greatly protects you from cold.
   *Slow:     It may slow you when you take damage.
 O - a +4 battleaxe of electrocution (weapon)
 P - a +3 spectral quarterstaff
 W - a +1 whip of pain
Missiles
 A - a throwing net
Armour
 r - a +0 helmet (worn)
 s - a +2 pair of gloves of stealth (worn)
 C - a +2 pair of boots (worn)
 M - a +2 robe of positive energy (worn)
 U - a +1 cloak of preservation (worn)
Magical Staves
 Q - the staff "Buneulel" {Drain rElec rPois rF++ Stlth+ Air}
   (You found it on level 7 of the Dungeon)

   [staff of air]

   Base accuracy: +5 Base damage: 5 Base attack delay: 1.2 This weapon's minimum
   attack delay (0.6) is reached at skill level 12.
   rF++:      It greatly protects you from fire.
   rElec:     It insulates you from electricity.
   rPois:     It protects you from poison Drain: It drains your maximum health
   when unequipped.
   Stlth+:    It makes you more stealthy.
   Air:       It increases the power of your Air spells.
   It falls into the 'Staves' category.
   It is a one-handed weapon.
 R - a staff of cold
Jewellery
 b - an amulet of faith
 z - an amulet of reflection
 F - a ring of magical power (left hand)
 G - a ring of wizardry (right hand)
 H - a ring of resist corrosion
 N - a ring of wizardry
 V - an amulet of magic regeneration (around neck)
Wands
 q - a wand of flame (33)
 J - a wand of mindburst (12)
 L - a wand of paralysis (9)
Scrolls
 f - a scroll of revelation {unknown}
 g - 14 scrolls of identify {unknown}
 h - 2 scrolls of poison {unknown}
 j - 2 scrolls of amnesia {unknown}
 o - 6 scrolls of teleportation {unknown}
 p - 6 scrolls of enchant weapon {unknown}
 v - a scroll of fog {unknown}
 y - a scroll of blinking {unknown}
 D - 4 scrolls of butterflies {unknown}
 E - 3 scrolls of immolation {unknown}
 T - a scroll of vulnerability {unknown}
Potions
 a - 2 potions of haste {unknown}
 c - 2 potions of invisibility {unknown}
 d - a potion of magic
 e - a potion of degeneration {unknown}
 k - 2 potions of berserk rage {unknown}
 t - 3 potions of might {unknown}
 u - 6 potions of curing {unknown}
 w - a potion of attraction {unknown}
 x - 2 potions of heal wounds {unknown}
 B - a potion of cancellation {unknown}
 I - a potion of lignification {unknown}
 K - a potion of enlightenment {unknown}
 S - 2 potions of brilliance {unknown}


   Skills:
 + Level 4.8 Fighting
 - Level 5.0 Armour
 - Level 4.0 Dodging
 - Level 4.1 Stealth
 * Level 16.5 Spellcasting
 + Level 9.8 Conjurations
 - Level 1.1 Summonings
 + Level 2.1 Necromancy
 - Level 1.1 Translocations
 - Level 1.1 Transmutations
 - Level 1.0 Ice Magic
 - Level 1.0 Air Magic
 - Level 1.0 Poison Magic
 - Level 1.0 Evocations


You had 30 spell levels left.
You knew the following spells:

 Your Spells              Type           Power      Damage    Failure   Level
a - Magic Dart            Conj           100%       1d8       1%          1
b - Mephitic Cloud        Conj/Pois/Air  38%        N/A       1%          3
c - Call Imp              Summ           50%        N/A       1%          2
d - Blink                 Tloc           50%        N/A       1%          2
e - Irradiate             Conj/Tmut      23%        3d19      1%          5

Your spell library contained the following spells:

 Spells                   Type           Power      Damage    Failure   Level
 Hailstorm                Conj/Ice       46%        3d11      1%          3
 Slow                     Hex            76%        N/A       1%          1
 Cigotuvi's Dreadful Rot  Necr/Pois/Air  52%        N/A       1%          2
 Wereblood                Tmut           25%        N/A       1%          2


Dungeon Overview and Level Annotations

Branches:
Dungeon (12/15)            Temple (1/1) D:4            Lair (0/5) D:8
  Sewer (visited)
    Orc: D:9-12

Altars:
Ashenzari
Cheibriados
Dithmenos
Fedhas
Gozag
Hepliaklqana
Kikubaaqudgha
Makhleb
Nemelex Xobeh
Okawaru
Qazlal
Ru
Trog
Uskayaw
Vehumet
Wu Jian
Xom
Yredelemnul
Zin
The Shining One

Shops:
D:1 (   D:2 [   D:3 [   D:9 (

Annotations:
D:4 3 runed translucent doors, freelancePsychic's ghost, amateur GrBr


Message History

The gargoyle is blasted with magical radiation!
The gargoyle is severely damaged.
The orc warrior is blasted with magical radiation!!
You kill the orc warrior!
Vehumet accepts your kill.
You feel your power returning.
You are very lightly contaminated with residual magic.
The gargoyle barely misses you. The orc completely misses you.
Unknown command.
You hit the gargoyle.
The gargoyle is severely damaged.
The gargoyle misses you.
The orc hits you from afar with a +0 trident.
You hit the gargoyle but do no damage.
The gargoyle is severely damaged.
The orc misses you.
A yak comes into view.
The gargoyle hurls a stone arrow at you.
The stone arrow hits you!
* * * LOW HITPOINT WARNING * * *
The yak is engulfed in noxious fumes.
The manticore is engulfed in noxious fumes.
The orc closely misses you.
The gargoyle hits you with a +2 flail of protection!
* * * LOW HITPOINT WARNING * * *
The yak moves out of view.
Casting: Irradiate (dangerous; 1% risk of failure)
Confirm with . or Enter, or press ? or * to list all spells.
Aiming: Mephitic Cloud (safe; 1% risk of failure)
Press: ? - help, Shift-Dir - straight line, f - manticore, p - gargoyle
Aim: a manticore (chance to affect: 58%)
The ball explodes into a vile cloud!
The stinking cloud engulfs the manticore but does no damage.
The stinking cloud engulfs the yak but does no damage.
You hear a bellow! x2
The manticore is engulfed in noxious fumes.
The manticore appears confused.
The gargoyle hurls a stone arrow at you.
The stone arrow hits you!
You die...

##...>)Y.#
......#.#..#
...........#
9..........# .
...######.##
#.. .. #.#
#...###### ##.#
#.#.).).☼###..#
.....o9@.HY.°##
......).☼#####
..#......#
#......#
########


You could see a manticore (confused), a yak, a gargoyle and an orc.

Vanquished Creatures
  2 two-headed ogres
  Pikel (D:7)
  An ugly thing (D:7)
  2 rust devils (D:5)
  Maurice (D:8)
  A gargoyle (D:10)
  An unseen horror (D:7)
  A troll (D:9)
  Prince Ribbit (D:5)
  13 yaks
  A basilisk (D:8)
  5 wyverns
  Edmund (D:6)
  7 water moccasins
  A sky beast (D:7)
  An ice beast (D:7)
  8 orc warriors
  A black bear (D:8)
  An ogre (D:5)
  A centaur (D:9)
  A lemure (D:7)
  A kobold brigand (D:9)
  2 phantoms
  A gnoll sergeant (D:4)
  3 bullfrogs
  4 scorpions
  4 wights
  5 killer bees
  A howler monkey (D:9)
  2 hounds
  8 orc priests
  Crazy Yiuf (D:2)
  2 jellies
  3 gnoll boudas
  2 iguanas
  3 sleepcaps
  Natasha (thrice) (D:4)
  9 orc wizards
  Robin (D:3)
  12 gnolls
  9 adders
  A river rat (Sewer)
  4 white imps
  An ufetubus (D:7)
  2 worms (D:2)
  4 dart slugs
  26 orcs
  7 endoplasms
  6 giant cockroaches
  21 goblins
  15 hobgoblins
  2 jackals (D:2)
  10 quokkas
  9 ball pythons
  6 bats
  11 frilled lizards
  9 kobolds
  8 rats
270 creatures vanquished.

Vanquished Creatures (collateral kills)
  A killer bee (D:9)
1 creature vanquished.

Grand Total: 271 creatures vanquished

Notes
Turn   | Place    | Note
-------+----------+-------------------------------------------
     0 | D:1      | pokeman the Deep Elf Hedge Wizard began the quest for the
                  | Orb.
     0 | D:1      | Reached XP level 1. HP: 10/10 MP: 7/7
   169 | D:1      | Reached XP level 2. HP: 12/15 MP: 4/9
   584 | D:1      | Found Idaomabisk's Weapon Emporium.
   757 | D:1      | Reached skill level 5 in Spellcasting
  1187 | D:2      | Found Cudifam's Armour Boutique.
  1212 | D:2      | Reached XP level 3. HP: 17/20 MP: 7/11
  1219 | D:2      | Learned a level 3 spell: Mephitic Cloud
  1222 | D:2      | Learned a level 2 spell: Call Imp
  1225 | D:2      | Learned a level 2 spell: Blink
  1399 | D:2      | Reached skill level 1 in Fighting
  1623 | D:2      | Reached skill level 1 in Armour
  1804 | D:2      | Reached XP level 4. HP: 17/25 MP: 2/13
  2366 | D:2      | Found a runed translucent door.
  2367 | D:2      | Noticed Crazy Yiuf
  2376 | D:2      | Killed Crazy Yiuf
  2734 | D:3      | Reached XP level 5. HP: 29/29 MP: 15/15
  2750 | D:3      | Identified the +0 short sword of the Singing Scorpion
                  | {freeze, *Slow rC++ Int+2 Dex+3}
  2773 | D:3      | Reached skill level 6 in Spellcasting
  2817 | D:3      | Noticed an animated shadow dragon scales
  2818 | D:3      | Found Dolysm's Armour Shop.
  2818 | D:3      | Noticed an animated gold dragon scales
  2868 | D:3      | Found a faded altar of an unknown god.
  2868 | D:3      | Noticed Robin
  2927 | D:3      | Killed Robin
  3048 | D:3      | Found a glowing drain.
  3072 | Sewer    | Entered a sewer
  3797 | D:4      | Noticed Natasha
  3803 | D:4      | Killed Natasha
  3805 | D:4      | Noticed Natasha
  3917 | D:4      | Killed Natasha
  3918 | D:4      | Reached XP level 6. HP: 32/34 MP: 2/17
  4107 | D:4      | Found a runed translucent gate.
  4107 | D:4      | Found a runed translucent gate.
  4107 | D:4      | Found a runed translucent gate.
  4109 | D:4      | Noticed freelancePsychic's ghost (amateur GrBr)
  4124 | D:4      | Reached skill level 7 in Spellcasting
  4179 | D:4      | Identified the +0 ring mail of the Dice {rF- rN++ Slay+5}
  4380 | D:4      | Reached skill level 1 in Evocations
  4388 | D:4      | Reached skill level 1 in Poison Magic
  4388 | D:4      | Reached XP level 7. HP: 12/38 MP: 3/20
  4396 | D:4      | Reached skill level 1 in Air Magic
  4538 | D:4      | Found a staircase to the Ecumenical Temple.
  4544 | Temple   | Entered the Ecumenical Temple
  4553 | Temple   | Became a worshipper of Vehumet
  4700 | D:4      | Noticed Natasha
  4706 | D:4      | Killed Natasha
  4707 | D:4      | Reached skill level 8 in Spellcasting
  5244 | D:5      | Entered Level 5 of the Dungeon
  5284 | D:5      | Learned a level 5 spell: Irradiate
  5461 | D:5      | Reached skill level 1 in Transmutations
  5550 | D:5      | Reached skill level 9 in Spellcasting
  5550 | D:5      | Reached XP level 8. HP: 41/44 MP: 12/23
  5789 | D:5      | Noticed Prince Ribbit
  5801 | D:5      | Killed Prince Ribbit
  6033 | D:5      | Reached skill level 5 in Conjurations
  6338 | D:6      | Reached skill level 10 in Spellcasting
  6554 | D:5      | Noticed a rust devil
  6554 | D:5      | Noticed a rust devil
  6745 | D:6      | Noticed Edmund
  6760 | D:6      | Killed Edmund
  7532 | D:7      | Noticed Pikel
  7544 | D:7      | Killed Pikel
  7545 | D:7      | Reached skill level 11 in Spellcasting
  7545 | D:7      | Reached XP level 9. HP: 44/48 MP: 26/26
  7689 | D:7      | Reached * piety under Vehumet
  7689 | D:7      | Offered knowledge of Shock by Vehumet.
  7896 | D:7      | Reached skill level 12 in Spellcasting
  8111 | D:7      | Noticed a two-headed ogre
  8119 | D:7      | Killed a two-headed ogre
  8120 | D:7      | Reached skill level 13 in Spellcasting
  8212 | D:7      | Noticed a red ugly thing
  8223 | D:7      | HP: 1/52 [white ugly thing (22)]
  8225 | D:7      | Killed a cyan ugly thing
  8226 | D:7      | Reached XP level 10. HP: 2/56 MP: 15/29
  8440 | D:7      | Identified the staff "Buneulel" {Drain rElec rPois rF++
                  | Stlth+ Air}
  8984 | D:8      | Reached skill level 14 in Spellcasting
  9143 | D:8      | Found a staircase to the Lair.
  9164 | D:8      | Offered knowledge of Momentum Strike by Vehumet.
  9166 | D:8      | Reached ** piety under Vehumet
  9263 | D:8      | Noticed Maurice
  9273 | D:8      | Killed Maurice
  9274 | D:8      | Reached skill level 15 in Spellcasting
  9450 | D:8      | Noticed a two-headed ogre
  9465 | D:8      | Killed a two-headed ogre
  9756 | D:8      | Found an ornate altar of the Wu Jian Council.
  9759 | D:8      | Found a bloodstained altar of Trog.
  9762 | D:8      | Found a glowing silver altar of Zin.
  9763 | D:8      | Found a snail-covered altar of Cheibriados.
  9763 | D:8      | Found a shadowy altar of Dithmenos.
  9765 | D:8      | Found an opulent altar of Gozag.
  9767 | D:8      | Found a glowing golden altar of the Shining One.
  9768 | D:8      | Found a broken altar of Ashenzari.
  9769 | D:8      | Found a burning altar of Makhleb.
  9866 | D:5      | Killed a rust devil
  9867 | D:5      | Reached XP level 11. HP: 44/61 MP: 32/32
  9876 | D:5      | Reached skill level 5 in Armour
  9876 | D:5      | Reached skill level 1 in Ice Magic
 10157 | D:9      | Offered knowledge of Poisonous Vapours by Vehumet.
 10179 | D:9      | Reached skill level 16 in Spellcasting
 10179 | D:9      | Reached *** piety under Vehumet
 10494 | D:9      | Found Xeblowis's Weapon Boutique.
 10508 | D:9      | Found a shimmering altar of Xom.
 10512 | D:9      | Found a shimmering altar of Xom.
 10562 | D:9      | Found a shimmering altar of Xom.
 10562 | D:9      | Found a shimmering altar of Xom.
 10562 | D:9      | Found a shimmering altar of Xom.
 10580 | D:9      | Reached skill level 1 in Necromancy
 10587 | D:9      | Offered knowledge of Hailstorm by Vehumet.
 10733 | D:10     | Entered Level 10 of the Dungeon
 10982 | D:10     | You fall into a shaft and drop 2 floors!
 10986 | D:12     | Noticed a purple ugly thing
 11012 | D:11     | HP: 1/62 [gargoyle/+2 flail of protection (14)]
 11013 | D:11     | Killed from afar by a gargoyle

Illustrated notes

Levels and vault maps discovered:
D:1:      wander_arrival_desolate, layout_loops_ring, serial_shops, shop,
          kennysheep_boxes
D:2:      minmay_razor_zed, layout_basic, serial_shops, shop,
          minmay_shallow_snake_nest, uniq_crazy_yiuf_cottage
D:3:      layout_rooms, gup_sewer_entry_pipe,
          dreamdust_ecumenical_altar_hidden_monk_grotto, serial_shops,
          nicolae_shop_mannequins, grunt_ministairs_9, uniq_robin
D:4:      layout_basic, minmay_temple_entry_grid, gammafunk_ghost_split,
          chequers_serial_rivers_large_a, uniq_natasha
D:5:      cheibrodos_iron_armory, layout_loops_ring, serial_park_tiny_2,
          nicolae_underground_beach, uniq_prince_ribbit1
D:6:      layout_gridville, chequers_serial_rivers_small_b, uniq_edmund
D:7:      layout_basic, nicolae_overflow_hidden_temple, minmay_the_grid_2x2
          [minmay_the_grid_mess, minmay_the_grid_plusring,
          minmay_the_grid_minigrid_small_alt,
          minmay_the_grid_prize_shrinking_boxes], uniq_pikel
D:8:      layout_rooms, minitemple, minmay_lair_entry_grove, st_stairs_5,
          uniq_maurice
D:9:      layout_cave_pools, xom_shifter_show, serial_shops, shop
D:10:     layout_gridville, reono_crystal_passage
D:11:     layout_rooms, orc_david_3, st_stairs_14
D:12:     layout_irregular_city, dreamdust_mushroom_princess
Temple:   nicolae_temple_ecumenical_triangle

Skill      XL: |  1  2  3  4  5  6  7  8  9 10 11 |
---------------+----------------------------------+-----
Spellcasting   | 5 6 7 9 11 13 15 16 | 16.5
Fighting       | 1 2 4 |  4.8
Armour         | 1 3 4 5 |  5.0
Conjurations   | 2 3 4 6 7 9 |  9.8
Dodging        | 3 4 |  4.0
Stealth        | 3 4 |  4.1
Evocations     | 1 |  1.0
Poison Magic   | 1 |  1.0
Air Magic      | 1 |  1.0
Transmutations | 1 |  1.1
Ice Magic      | 1 |  1.0
Necromancy     | 2 |  2.1
Summonings     | |  1.1
Translocations | |  1.1

Action                     |  1- 3 |  4- 6 |  7- 9 | 10-12 || total
---------------------------+-------+-------+-------+-------++-------
  Melee: Dagger            |     9 |   107 |   127 |       ||   243
         Punch             |       |     3 |     1 |       ||     4
         Battleaxe         |       |       |       |    95 ||    95
   Cast: Magic Dart        |    93 |   146 |   145 |   111 ||   495
         Mephitic Cloud    |     1 |     9 |    25 |    26 ||    61
         Call Imp          |       |     1 |     3 |       ||     4
         Blink             |       |     1 |       |     2 ||     3
         Irradiate         |       |       |     7 |    21 ||    28
   Stab: Confused          |       |     4 |    12 |    16 ||    32
         Sleeping          |       |     3 |       |       ||     3
 Armour: Robe              |    21 |    80 |    72 |   118 ||   291
  Dodge: Dodged            |     9 |    85 |    63 |   118 ||   275
  Block: Other             |       |       |    18 |    18 ||    36
         Reflection        |       |       |       |     1 ||     1

Table legend: (Time is in decaauts)
 A = Elapsed time spent in this place.
 B = Non-inter-level travel time spent in this place.
 C = Inter-level travel time spent in this place.
 D = Time resting spent in this place.
 E = Time spent auto-exploring this place.
 F = Levels seen in this place.
 G = Mean time per level.
                   A        B        C        D        E       F      G
               +--------+--------+--------+--------+--------+-----+--------+
         Total |  11149 |  10779 |    370 |    489 |   8213 |  14 |  796.4 |
       Dungeon |  10640 |  10278 |    362 |    489 |   7903 |  12 |  886.7 |
        Temple |     18 |     10 |      8 |      0 |      0 |   1 |   18.0 |
         Sewer |    490 |    490 |      0 |      0 |    309 |   1 |  490.0 |
               +--------+--------+--------+--------+--------+-----+--------+

Top non-repeatable levels by time:
     D:7: 1619 daAuts
     D:2: 1544 daAuts
     D:6: 1434 daAuts
     D:4: 1345 daAuts
     D:1: 1185 daAuts
     D:5: 945 daAuts
     D:8: 926 daAuts
     D:3: 728 daAuts
     D:9: 619 daAuts
   Sewer: 490 daAuts
    D:10: 257 daAuts
    D:11: 25 daAuts
  Temple: 18 daAuts
    D:12: 8 daAuts
